 Dungeon Crawl Stone Soup version 0.31-a0-844-gdc52ec4e09 (webtiles) character file.

Game seed: 3086816624983985921

1995 Dirtsage the Cleaver (level 9, 55/63 HPs)
             Began as a Demonspawn Berserker on Sept 28, 2023.
             Was a Priest of Trog.
             Quit the game on level 7 of the Dungeon.
             The game lasted 00:10:21 (4775 turns).

Dirtsage the Cleaver (Demonspawn Berserker)         Turns: 4775, Time: 00:10:22

Health: 55/63      AC: 20    Str: 21    XL:     9   Next: 1%
Magic:  9/9        EV: 11    Int:  9    God:    Trog [***...]
Gold:   292        SH:  0    Dex: 13    Spells: 8/8 levels left

rFire   . . .        a - +0 hand axe
rCold   . . .        (no shield)
rNeg    . . .        E - +0 plate armour
rPois   .            o - +0 helmet
rElec   .            m - scarf {repulsion}
rCorr   .            (no gloves)
SInv    .            x - +2 pair of boots
Will    .....        (no amulet) Stlth
                     l - +4 ring of protection
HPRegen 0.30/turn    z - +5 ring of evasion
MPRegen 0.11/turn

%: repel missiles
@: no status effects
A: molten scales 1, foul stench 1, demonic magic 1, demonic touch 2
a: Renounce Religion, Berserk, Trog's Hand


You were on level 7 of the Dungeon.
You worshipped Trog.
Trog was most pleased with you.
You visited 2 branches of the dungeon, and saw 8 of its levels.

You collected 322 gold pieces.
You spent 30 gold pieces at shops.

Inventory:

Hand Weapons
 a - a +0 hand axe (weapon)
Missiles
 h - 3 silver javelins
 H - 2 throwing nets
Armour
 b - a +0 animal skin
 m - a scarf of repulsion (worn)
 o - a +0 helmet (worn)
 t - a +0 ring mail
 x - a +2 pair of boots (worn)
 E - a +0 plate armour (worn)
 L - a +0 kite shield
Jewellery
 c - a ring of magical power
 l - a +4 ring of protection (left hand)
 z - a +5 ring of evasion (right hand)
 A - a ring of fire
 G - a ring of flight
Wands
 r - a wand of paralysis (5)
 D - a wand of flame (35)
 I - a wand of mindburst (11)
Scrolls
 e - 3 scrolls of enchant weapon {unknown}
 f - 4 scrolls of identify {unknown}
 s - 2 scrolls of revelation {unknown}
 u - 3 scrolls of poison {unknown}
 v - a scroll of brand weapon {unknown}
 w - 3 scrolls of teleportation {unknown}
 y - a scroll of amnesia {unknown}
 C - a scroll of enchant armour {unknown}
 M - a scroll of silence {unknown}
 N - a scroll of fear {unknown}
 O - a scroll of immolation {unknown}
Potions
 d - a potion of might {unknown}
 g - a potion of cancellation {unknown}
 i - a potion of berserk rage {unknown}
 j - 3 potions of degeneration {unknown}
 k - 3 potions of mutation {unknown}
 n - a potion of magic {unknown}
 p - a potion of resistance {unknown}
 q - 5 potions of curing
 B - 3 potions of lignification {unknown}
 F - 2 potions of haste {unknown}
 J - a potion of invisibility {unknown}
 K - a potion of brilliance {unknown}


   Skills:
 - Level 3.0 Fighting
 + Level 11.1 Axes
 - Level 1.7 Armour
 - Level 1.7 Dodging


You had 8 spell levels left.
You didn't know any spells.
Your spell library contained the following spells:

 Spells                   Type           Power      Damage    Failure   Level
 Ensorcelled Hibernation  Hex/Ice        0%         N/A       100%        2
 Passwall                 Tmut/Erth      0%         N/A       100%        2
 Sublimation of Blood     Necr           0%         N/A       100%        2
 Wereblood                Tmut           0%         N/A       100%        2
 Call Canine Familiar     Summ           0%         N/A       100%        3
 Sigil of Binding         Hex            0%         N/A       100%        3
 Stone Arrow              Conj/Erth      0%         3d7       100%        3
 Swiftness                Air            0%         N/A       100%        3
 Tukima's Dance           Hex            0%         N/A       100%        3
 Animate Armour           Summ/Erth      0%         N/A       100%        4
 Dimensional Bullseye     Hex/Tloc       0%         N/A       100%        4
 Leda's Liquefaction      Hex/Erth       0%         N/A       100%        4
 Passage of Golubria      Tloc           0%         N/A       100%        4
 Yara's Violent Unravell  Hex/Tmut       0%         3d3       100%        5
 Simulacrum               Ice/Necr       0%         N/A       100%        6
 Ozocubu's Refrigeration  Ice            0%         4d7       100%        7
 Summon Hydra             Summ           0%         N/A       100%        7
 Lehudib's Crystal Spear  Conj/Erth      0%         10d2      100%        8
 Polar Vortex             Ice            0%         N/A       100%        9


Dungeon Overview and Level Annotations

Branches:
Dungeon (7/15)             Temple (1/1) D:6

Altars:
Ashenzari
Cheibriados
Dithmenos
Fedhas
Gozag
Hepliaklqana
Kikubaaqudgha
Makhleb
Nemelex Xobeh
Okawaru
Qazlal
Ru
Sif Muna
Trog
Uskayaw
Vehumet
Wu Jian
Xom
Yredelemnul

Shops:
D:1 *[*   D:3 !


Innate Abilities, Weirdness & Mutations

You are partially covered in molten scales. (AC +2)
You may rarely emit foul miasma when damaged in melee.
Spells you cast may paralyse adjacent enemies.
Your touch may inflict irresistible damage on your foes.


Message History

Dowan says, "My weaknesses are her strengths!"
Duvessa misses you.
You slash Duvessa!
You touch Duvessa!
You kill Duvessa!
Trog accepts your kill.
Dowan seems overcome with grief.
Dowan seems to find hidden reserves of power!
Dowan points at you and mumbles some strange words.
The shard of ice hits you.
Your Axes skill increases to level 11!
You take 5 damage, and have 53/58 hp.
Dowan barely misses you. Dowan hits you but does no damage.
You hit Dowan.
You touch Dowan!
Dowan is heavily wounded.
Dowan misses you.
You hit Dowan but do no damage. Your touch misses Dowan.
Dowan is heavily wounded.
Dowan hits you with a +0 dagger.
You take 3 damage, and have 50/58 hp.
You hit Dowan. Your touch misses Dowan.
Dowan is severely wounded.
Dowan hits you but does no damage.
You hit Dowan.
Dowan is almost dead.
Dowan gestures wildly while chanting.
Dowan blinks!
Dowan points at you and mumbles some strange words.
The stone arrow misses you.
You slash Dowan!
You kill Dowan!
Trog accepts your kill.
Trog appreciates your killing of a magic user.
You have reached level 9!
Your experience leads to an increase in your attributes!
Increase (s)trength, (i)ntelligence, or (d)exterity?
You feel stronger. x2; Your demonic ancestry asserts itself...
A menacing aura infuses your magic.
You regained 5 hp, and now have 55/63 hp.
MP restored: 9 Are you sure you want to abandon this character and quit the game? (Confirm with "yes".)

### $.# #.# . #.# #####
..#### #.# #...#
......# #.# ###.#.###
..##...##)####...#...#
.......@.......#####.##
.###..)#######...#....#
##.# #.#.#.##.# #.
#.#...##.# # #.##.#.#.#
#.##..#..# #.####.#.#
#........# ##.###.###


There were no monsters in sight!

Vanquished Creatures
  Jeremiah (D:7)
  Sigmund (D:2)
  Duvessa (D:7)
  3 black bears
  2 centaurs
  2 phantoms (D:4)
  2 bullfrogs
  A gnoll sergeant (D:5)
  4 scorpions
  Dowan (D:7)
  A howler monkey (D:5)
  An orc priest (D:5)
  2 hounds
  A jelly (D:5)
  Ijyb (D:3)
  An iguana (D:4)
  9 gnolls
  8 adders
  An ufetubus (D:5)
  2 worms
  A dart slug (D:4)
  15 orcs
  4 ball pythons
  5 bats
  9 endoplasms
  2 giant cockroaches (D:2)
  3 goblins
  5 hobgoblins
  A jackal (D:4)
  4 quokkas
  7 frilled lizards
  9 kobolds
  3 rats
113 creatures vanquished.

Notes
Turn   | Place    | Note
-------+----------+-------------------------------------------
     0 | D:1      | Dirtsage the Demonspawn Berserker began the quest for the
                  | Orb.
     0 | D:1      | Reached XP level 1. HP: 18/18 MP: 1/1
   112 | D:1      | Reached skill level 3 in Axes
   173 | D:1      | Found Unlutt's Assorted Antiques.
   387 | D:1      | Gained mutation: Your touch may inflict minor irresistible
                  | damage on your foes. [demonic ancestry]
   387 | D:1      | Reached XP level 2. HP: 24/24 MP: 2/2
   404 | D:1      | Found Teinu Ysy's Assorted Antiques.
   423 | D:1      | Found Arieroaps's Armour Shop.
   873 | D:2      | Noticed Sigmund
   884 | D:2      | Killed Sigmund
   885 | D:2      | Reached skill level 5 in Axes
   885 | D:2      | Reached XP level 3. HP: 29/29 MP: 3/3
   885 | D:2      | Gained mutation: You may rarely emit foul miasma when
                  | damaged in melee. [demonic ancestry]
   885 | D:2      | Reached XP level 4. HP: 35/35 MP: 4/4
   885 | D:2      | Gained mutation: Your touch may inflict irresistible damage
                  | on your foes. [demonic ancestry]
   885 | D:2      | Reached XP level 5. HP: 41/41 MP: 5/5
  1054 | D:2      | Reached ** piety under Trog
  1116 | D:2      | You fall into a shaft and drop 2 floors!
  1147 | D:4      | Found a snail-covered altar of Cheibriados.
  1177 | D:4      | Noticed a phantom
  1177 | D:4      | Noticed a phantom
  1183 | D:4      | Killed a phantom
  1184 | D:4      | Reached skill level 6 in Axes
  1185 | D:4      | Killed a phantom
  1186 | D:4      | Gained mutation: You are partially covered in molten
                  | scales. (AC +2) [demonic ancestry]
  1186 | D:4      | Reached XP level 6. HP: 47/47 MP: 6/6
  1377 | D:3      | Found Mycho's Distillery.
  1563 | D:3      | Found a faded altar of an unknown god.
  1642 | D:3      | Found a blossoming altar of Fedhas.
  1981 | D:3      | Bought a potion of curing for 30 gold pieces
  2428 | D:3      | Noticed Ijyb
  2441 | D:3      | Killed Ijyb
  2686 | D:4      | Reached skill level 7 in Axes
  2704 | D:4      | Reached XP level 7. HP: 52/52 MP: 7/7
  2720 | D:4      | Reached skill level 8 in Axes
  2955 | D:4      | Reached *** piety under Trog
  3132 | D:5      | Entered Level 5 of the Dungeon
  3396 | D:5      | Reached skill level 9 in Axes
  3396 | D:5      | Reached XP level 8. HP: 58/58 MP: 8/8
  3671 | D:5      | Found a bloodstained altar of Trog.
  3986 | D:6      | Found a sparkling altar of Nemelex Xobeh.
  4010 | D:6      | Reached skill level 10 in Axes
  4079 | D:6      | Found a staircase to the Ecumenical Temple.
  4216 | Temple   | Entered the Ecumenical Temple
  4654 | D:7      | Found a broken altar of Ashenzari.
  4660 | D:7      | Noticed Jeremiah
  4680 | D:7      | Killed Jeremiah
  4762 | D:7      | Noticed Duvessa
  4763 | D:7      | Noticed Dowan
  4767 | D:7      | Killed Duvessa
  4768 | D:7      | Reached skill level 11 in Axes
  4774 | D:7      | Killed Dowan
  4775 | D:7      | Gained mutation: Spells you cast may paralyse adjacent
                  | enemies. [demonic ancestry]
  4775 | D:7      | Reached XP level 9. HP: 55/63 MP: 9/9
  4775 | D:7      | Quit the game

Illustrated notes

Levels and vault maps discovered:
D:1:      lightli_arrival_statuegarden, layout_basic, serial_shops,
          nicolae_shop_trees, nicolae_shop_overgrown_old_shop,
          nicolae_shop_stone, st_stairs_2, eino_curves_01
D:2:      layout_basic, minmay_tromino_mix6, uniq_sigmund
D:3:      layout_basic, fedhas_altar_4, nicolae_ecumenical_oubliette,
          serial_shops, nicolae_shop_tiny_glass, hangedman_feature_mirror,
          uniq_ijyb
D:4:      layout_rooms, kennysheep_slug_shrine, minmay_joined_circles
D:5:      layout_basic, mainiacjoe_overflow_catwalk, serial_park_tiny_2,
          nicolae_twisty_statue_hallways
D:6:      layout_basic, mainiacjoe_overflow_alcove_1, minmay_temple_entry_waves,
          serial_glass, glass_columns_a, glass_columns_a, feat_on_display,
          minmay_strange_pillars, due_unseen_surprise
D:7:      layout_loops_corners, nicolae_overflow_crystal_walls,
          serial_bayou_lagoon_a, chequers_serial_rivers_micro_a, uniq_maggie,
          uniq_duvessa, uniq_pikel, uniq_jeremiah
Temple:   regret_index_temple_generic_petals

Skill      XL: |  1  2  3  4  5  6  7  8 |
---------------+-------------------------+-----
Axes           | 3 5 6 7 9 11 | 11.1
Fighting       | |  3.0
Armour         | |  1.7
Dodging        | |  1.7

Action                     |  1- 3 |  4- 6 |  7- 9 || total
---------------------------+-------+-------+-------++-------
  Melee: Hand axe          |    47 |   130 |   209 ||   386
         Touch             |     5 |    21 |    36 ||    62
         Punch             |       |     2 |     3 ||     5
 Invoke: Berserk           |     1 |     2 |     2 ||     5
         Trog's Hand       |       |     1 |       ||     1
 Armour: Animal skin       |    19 |    14 |       ||    33
         Ring mail         |       |    36 |    18 ||    54
         Plate armour      |       |       |   108 ||   108
  Dodge: Dodged            |    36 |    89 |   128 ||   253
         Repelled          |       |     4 |       ||     4

Table legend: (Time is in decaauts)
 A = Elapsed time spent in this place.
 B = Non-inter-level travel time spent in this place.
 C = Inter-level travel time spent in this place.
 D = Time resting spent in this place.
 E = Time spent auto-exploring this place.
 F = Levels seen in this place.
 G = Mean time per level.
                   A        B        C        D        E       F      G
               +--------+--------+--------+--------+--------+-----+--------+
         Total |   4796 |   4577 |    219 |    128 |   3601 |   8 |  599.5 |
       Dungeon |   4795 |   4576 |    219 |    128 |   3601 |   7 |  685.0 |
        Temple |      1 |      1 |      0 |      0 |      0 |   1 |    1.0 |
               +--------+--------+--------+--------+--------+-----+--------+

Top non-repeatable levels by time:
     D:3: 1058 daAuts
     D:1: 875 daAuts
     D:4: 722 daAuts
     D:5: 708 daAuts
     D:6: 694 daAuts
     D:2: 509 daAuts
     D:7: 227 daAuts
  Temple: 1 daAuts
